 Dungeon Crawl Stone Soup version 0.31-a0-152-g6aa68a64a1 (webtiles) character file.

Game seed: 16443693576479810255

53 qw the Shooter (level 3, -1/31 HPs)
             Began as a Minotaur Hunter on June 10, 2023.
             Slain by Grinder (7 damage)
             ... on level 3 of the Dungeon.
             The game lasted 00:00:25 (1949 turns).

qw the Shooter (Minotaur Hunter)                    Turns: 1949, Time: 00:00:26

Health: -1/31      AC:  5    Str: 15    XL:     3   Next: 62%
Magic:  2/2        EV: 11    Int:  6    God:
Gold:   172        SH:  0    Dex: 15    Spells: 2/2 levels left

rFire   . . .        Y - +0 shortbow
rCold   . . .        (shield currently unavailable)
rNeg    . . .        b - +0 ring mail
rPois   .            (helmet restricted)
rElec   .            (no cloak)
rCorr   +            (no gloves)
SInv    .            (no boots)
Will    .....        (no amulet)
Stlth   +            h - ring of resist corrosion
HPRegen 0.25/turn    (no ring)
MPRegen 0.08/turn

%: no passive effects
@: no status effects
A: horns 2, retaliatory headbutt
a: no special abilities


You were on level 3 of the Dungeon.
You visited 1 branch of the dungeon, and saw 3 of its levels.

You collected 172 gold pieces.


Innate Abilities, Weirdness & Mutations

You have a pair of horns on your head.
You reflexively headbutt those who attack you in melee.


   Skills:
 - Level 3.2 Fighting
 + Level 5.4 Ranged Weapons
 - Level 1.0 Armour
 - Level 2.1 Dodging
 - Level 0.7 Stealth


You had 2 spell levels left.
You didn't know any spells.
Your spell library was empty.

Inventory:

Hand Weapons
 Y - a +0 shortbow (weapon)
Armour
 b - a +0 ring mail (worn)
Jewellery
 d - a ring of ice
 h - a ring of resist corrosion (left hand)
Scrolls
 a - a scroll of identify
Potions
 c - a potion of curing
 e - a potion of mutation
 g - a potion of magic {unknown}
 i - a potion of haste {unknown}
 j - a potion of ambrosia {unknown}
 k - a potion of brilliance {unknown}

Dungeon Overview and Level Annotations

Branches:
Dungeon (3/15)

Altars:
Dithmenos

Annotations:
D:3 Grinder


Message History

A bat comes into view.
Enter note:
Enter note: You shoot an arrow.
The arrow hits the bat but does no damage.
You shoot an arrow. The arrow barely misses the bat.
The bat barely misses you.
You shoot an arrow. The arrow hits the bat!
You kill the bat!
Found a book of Displacement.
Enter note:
Enter note: You now have 172 gold pieces (gained 10).
An endoplasm comes into view.
Enter note:
Enter note: You shoot an arrow.
The arrow hits the endoplasm!
You kill the endoplasm!
You hear a shout!
Grinder comes into view.
You shoot an arrow.
The arrow hits Grinder but does no damage.
You shoot an arrow. The arrow barely misses Grinder.
Grinder gestures at you.
You suddenly lose the ability to move!
Grinder gestures at you. You resist with significant effort.
You can move again.
You shoot an arrow. The arrow closely misses Grinder.
Grinder hits you!
You writhe in agony.
You shoot an arrow. The arrow closely misses Grinder.
Grinder misses you.
You shoot an arrow. The arrow closely misses Grinder.
Grinder hits you.
You writhe in agony.
You shoot an arrow. The arrow hits Grinder.
Grinder is lightly wounded.
Grinder hits you!
You writhe in agony.
You shoot an arrow. The arrow barely misses Grinder.
Grinder hits you!
You die...

# #.# #. . #...
#.#####. . ...
#....... #..
##...### ##..
#.### ..# #.# ..#
#.# #.#
.....##5########
#.#
#...@.......###.#
#.##.######.....#
...# #######
.....# ....##.#
.### #.# ..# ###


You could see Grinder.

Vanquished Creatures
  2 adders
  A worm (D:2)
  2 ball pythons
  4 bats
  5 endoplasms
  4 goblins
  4 hobgoblins
  A kobold (D:1)
  2 quokkas (D:2)
  A frilled lizard (D:3)
  2 rats
28 creatures vanquished.

Notes
Turn   | Place    | Note
-------+----------+-------------------------------------------
     0 | D:1      | qw the Minotaur Hunter began the quest for the Orb.
     0 | D:1      | Reached XP level 1. HP: 18/18 MP: 0/0
     0 | D:1      | 0 ||| qw: Version: 0.2-a-122-gbc61b45
     0 | D:1      | 0 ||| qw: Game counter: 3527
     0 | D:1      | 0 ||| qw: Always use a shield: true
     0 | D:1      | 0 ||| qw: God list: Okawaru
     0 | D:1      | 0 ||| qw: Allow faded altars: false
     0 | D:1      | 0 ||| qw: Do Orc after D:15 true
     0 | D:1      | 0 ||| qw: Do second Lair branch before Depths: true
     0 | D:1      | 0 ||| qw: Lair rune preference: random
     0 | D:1      | 0 ||| qw: Plans: Normal
     0 | D:1      | 0 ||| PLANNING D:1-11
   565 | D:1      | Reached XP level 2. HP: 25/25 MP: 1/1
   575 | D:1      | You fall into a shaft and drop 1 floor!
   577 | D:2      | 577 ||| UPGRADING to ring of resist corrosion.
   578 | D:2      | 578 ||| READING 2 scrolls labelled COCIZU XAIQE.
   579 | D:2      | 579 ||| DROPPING scroll of butterflies.
   753 | D:1      | Reached skill level 5 in Ranged Weapons
   899 | D:1      | 899 ||| UPGRADING to +0 ring mail.
   909 | D:1      | 909 ||| DROPPING +0 leather armour.
   978 | D:2      | Found a shadowy altar of Dithmenos.
  1038 | D:2      | Reached skill level 1 in Armour
  1208 | D:2      | Reached skill level 3 in Fighting
  1208 | D:2      | Reached XP level 3. HP: 31/31 MP: 2/2
  1711 | D:2      | 1711 ||| READING scroll labelled JAPALIAZE.
  1712 | D:2      | 1712 ||| DRINKING 2 sedimented cyan potions.
  1713 | D:2      | 1713 ||| READING 2 scrolls of identify.
  1713 | D:2      | 1713 ||| IDENTIFYING pink potion
  1940 | D:3      | Noticed Grinder
  1942 | D:3      | Paralysed by Grinder for 3 turns
  1948 | D:3      | HP: 6/31 [Grinder (4)]
  1949 | D:3      | Slain by Grinder

Levels and vault maps discovered:
D:1:      giann_forest_graveyard, layout_basic
D:2:      layout_loops_corners, basic_altar
D:3:      layout_loops_cross, lemuel_tele_altar, minmay_quantized, uniq_grinder

Skill      XL: |  1  2 |
---------------+-------+-----
Ranged Weapons | 5 |  5.4
Armour         | 1 |  1.0
Fighting       | 3 |  3.2
Dodging        | |  2.1
Stealth        | |  0.7

Action                     || total
---------------------------++-------
   Fire: Shortbow          ||    84
    Use: Scroll            ||     3
         Potion            ||     1
 Armour: Leather armour    ||     3
         Ring mail         ||     4
  Dodge: Dodged            ||    14

Table legend:
 A = Non-vault XP
 B = Vault XP
 C = Vault XP percentage of total XP
 D = Non-vault monster count
 E = Vault monster count
 F = Vault count percentage of total count
                 A         B        C        D         E       F
            +---------+---------+-------+---------+---------+-------
      Total |      76 |       0 |   0.0 |      28 |       0 |   0.0
            +---------+---------+-------+---------+---------+-------
        D:1 |      17 |       0 |   0.0 |       9 |       0 |   0.0
        D:2 |      41 |       0 |   0.0 |      15 |       0 |   0.0
        D:3 |      18 |       0 |   0.0 |       4 |       0 |   0.0
            +---------+---------+-------+---------+---------+-------
